 Dungeon Sprint DCSS version 0.19-a0-1886-gd64a0f0 (webtiles) character file.

54646 George the Phalangite (level 14, -14/155 HPs)
             Began as a Minotaur Berserker on Oct 15, 2016.
             Was the Champion of Trog.
             Blown up by a cacodemon (52 damage)
             ... with a bolt of energy
             ... summoned by a lich
             ... in the Dungeon (Sprint IX: "|||||||||||||||||||||||||||||").
             The game lasted 00:18:04 (4309 turns).

George the Phalangite (Minotaur Berserker)          Turns: 4309, Time: 00:18:04

Health: -14/155    AC: 29    Str: 23    XL:     14   Next: 35%
Magic:  13/13      EV: 22    Int:  4    God:    Trog [******]
Gold:   1915       SH:  0    Dex: 17    Spells: 0 memorised, 13 levels left

rFire  + . .     SeeInvis .     H - +7 glaive "Xowor" {chop, MR++}
rCold  . . .     Gourm    .     y - +1 plate armour {rF+}
rNeg   . . .     Faith    .     (shield currently unavailable)
rPois  .         Spirit   .     (helmet restricted)
rElec  .         Dismiss  .     B - +1 cloak
rCorr  .         Reflect  .     E - +1 pair of gloves
MR     +++++     Harm     .     x - +0 pair of boots
Stlth  .......... NoTele   +    (no amulet)
                                q - +3 ring of dexterity
                                b - +2 ring of evasion

@: lethally poisoned (-14 -> -14), regenerating
A: retaliatory headbutt, horns 2
a: Berserk, Trog's Hand, Brothers in Arms, Burn Spellbooks, Renounce Religion


You were in the Dungeon.
You worshipped Trog.
Trog was exalted by your worship.
You were near starving.

You visited 1 branch You collected 1915 gold pieces.

Inventory:

Hand Weapons
 A - the +8 halberd of Righteous Fury {flame, rF+ MR+ Int+2 Stlth+}
   (Trog gifted it to you in the Dungeon)

   It has been specially enchanted to burn those struck by it, causing extra
   injury to most foes and up to half again as much damage against particularly
   susceptible opponents.
   Big, fiery blades are also staple armaments of hydra-hunters.
   It affects your intelligence (+2).
   It protects you from fire.
   It affects your resistance to hostile enchantments.
   It makes you more stealthy.
 H - the +7 glaive "Xowor" (weapon) {chop, MR++}
   (Trog gifted it to you in the Dungeon)

   It inflicts extra damage upon your enemies.
   It affects your resistance to hostile enchantments.
Missiles
 z - 2 throwing nets (quivered)
Armour
 x - a +0 pair of boots (worn)
 y - a +1 plate armour of fire resistance (worn)
 B - a +1 cloak (worn)
 E - a +1 pair of gloves (worn)
Jewellery
 b - a +2 ring of evasion (left hand)
 j - a +5 ring of strength
 p - an uncursed ring of protection from cold
 q - a +3 ring of dexterity (right hand)
 u - an uncursed ring of protection from magic
 C - an uncursed ring of protection from magic
 D - an uncursed ring of fire
Wands
 m - a wand of lightning (7/15)
 n - a wand of lightning (8/15)
Scrolls
 i - 3 scrolls of blinking
 l - 4 scrolls of remove curse
 s - 2 scrolls of enchant armour
 t - 3 scrolls of identify
 F - a scroll of recharging
 G - 2 scrolls of enchant weapon
Potions
 a - a potion of cancellation
 d - 8 potions of curing
 e - 7 potions of heal wounds
 f - a potion of haste
 g - 4 potions of magic
 h - 4 potions of berserk rage
 k - 2 potions of invisibility
 o - a potion of cure mutation
 r - 2 potions of brilliance
Comestibles
 c - 14 bread rations
 v - 37 fruits
 w - 12 meat rations
 I - 5 chunks of flesh


   Skills:
 + Level 22.5 Fighting
 + Level 22.5 Polearms
 + Level 22.4 Armour
 + Level 20.8 Dodging


You had 13 spell levels left.
You didn't know any spells.

Dungeon Overview and Level Annotations

Branches:
Dungeon (1/1)

Altars:
Cheibriados
Dithmenos
Elyvilon
Fedhas
Gozag
Hepliaklqana
Kikubaaqudgha
Makhleb
Nemelex Xobeh
Okawaru
Qazlal
Ru
Sif Muna
Trog
Uskayaw
Vehumet
Xom
Yredelemnul
Zin
The Shining One
Beogh
Jiyva
Lugonu

Shops:
D [(::


Innate Abilities, Weirdness & Mutations

You reflexively headbutt those who attack you in melee.
You have a pair of horns on your head.


Message History

An entropy weaver comes into view.
Things that are here:
a bolt; a long sword; a chain mail Attack whom?
Press: ? - help, Dir - move target cursor, f - cacodemon
Aim: a cacodemon (moderately wounded, summoned)
You could not reach far enough!
You feel sick.
Your deep troll closely misses the cacodemon. x2
Your deep troll claws the cacodemon!
The cacodemon hits your deep troll! x2
Attack whom?
Press: ? - help, Dir - move target cursor, f/p - cacodemon
Aim: a cacodemon (moderately wounded, summoned)
You reach to attack!
You slice the cacodemon!!
The cacodemon is severely wounded.
Your deep troll bites the cacodemon!!
Your deep troll claws the cacodemon!
Your deep troll closely misses the cacodemon.
The cacodemon gestures at you.
The bolt of energy hits your deep troll.
The bolt of energy hits you!
You die...

▓▓▓▓▓▓▓▓▓▓▓▓▓▓▓▓▓▓▓▓▓▓▓▓
.(.(.(()(...)+)(@T2.p{Ga
▓▓▓▓▓▓▓▓▓▓▓▓▓▓▓▓▓▓▓▓▓▓▓▓▓▓▓▓▓▓▓▓▓
........).).....)..).............
▓▓♣♣♣♣♣♣♣♣♣♣▓▓▓▓▓▓▓▓▓▓▓▓▓▓▓▓▓▓▓▓▓
.)††.......)'÷)......††......)..'
▓▓♣♣♣♣♣♣♣♣♣♣▓▓▓▓▓▓▓▓▓▓▓▓▓▓▓▓▓▓▓▓▓
.................)...............
▓▓▓▓▓▓▓▓▓▓▓▓▓▓▓▓▓▓▓▓▓▓▓▓▓▓▓▓▓▓▓▓▓
.[[[[[[[[..........)))..))......)


You could see a cacodemon, an entropy weaver, a great orb of eyes, a vault
sentinel and a friendly deep troll (berserk).

Vanquished Creatures
  Frances (D)
  Agnes (D)
  A fire giant (D)
  An iron dragon (D)
  2 stone giants (D)
  A vampire knight (D)
  Azrael (D)
  A merfolk javelineer (D)
  An ettin (D)
  A great orb of eyes (D)
  A vault guard (D)
  2 rakshasas (D)
  Harold (D)
  A merfolk avatar (D)
  2 centaur warriors (D)
  A catoblepas (D)
  2 alligators (D)
  A merfolk aquamancer (D)
  A deep troll earth mage (D)
  A shock serpent (D)
  Nergalle (D)
  A hell knight (D)
  A glowing orange brain (D)
  A hill giant (shapeshifter) (D)
  A naga ritualist (D)
  A shambling mangrove (D)
  2 ironbrand convokers (D)
  3 hill giants (D)
  A harpy (D)
  2 wolf spiders (D)
  4 orc knights (D)
  A mana viper (D)
  An ugly thing (D)
  5 orc sorcerers (D)
  2 cyclopes (D)
  Maurice (D)
  An elephant (D)
  6 black mambas (D)
  A water nymph (D)
  A torpor snail (D)
  A naga mage (D)
  4 spiny frogs (D)
  A yaktaur (D)
  A komodo dragon (D)
  A jumping spider (D)
  2 trolls (D)
  A merfolk (D)
  A slime creature (D)
  2 bog bodies (D)
  A snapping turtle (D)
  A wraith (D)
  A steam dragon (D)
  2 yaks (D)
  A basilisk (D)
  A hungry ghost (D)
  4 fire elementals (D)
  An insubstantial wisp (D)
  A naga (D)
  2 hell hounds (D)
  4 water moccasins (D)
  3 porcupines (D)
  7 orc warriors (D)
  A centaur (D)
  A wolf (D)
  2 crocodiles (D)
  A big kobold (D)
  3 bullfrogs (D)
  A scorpion (D)
  2 wights (D)
  A howler monkey (D)
  3 crimson imps (D)
  A hound (D)
  4 orc priests (D)
  9 orc wizards (D)
  2 worker ants (D)
  An adder (D)
  5 orcs (D)
  A bat skeleton (D)
  A bat zombie (D)
  2 giant cockroaches (D)
  2 goblins (D)
  A hobgoblin (D)
  A rat (D)
149 creatures vanquished.

Vanquished Creatures (collateral kills)
  A lich (D)
  2 frost giants (D)
  A ghost moth (D)
  A vault warden (D)
  A stone giant (D)
  An ironheart preserver (D)
  A very ugly thing (D)
  A great orb of eyes (D)
  2 rakshasas (D)
  A centaur warrior (D)
  A catoblepas (D)
  3 death yaks (D)
  A vampire mage (D)
  An orb spider (D)
  An orc knight (D)
  An ugly thing (D)
  A vault sentinel (D)
  A hornet (D)
  A troll (shapeshifter) (D)
  2 redbacks (D)
  2 yaks (D)
  A mottled dragon (D)
  3 orc priests (D)
  An orc wizard (D)
32 creatures vanquished.

Grand Total: 181 creatures vanquished

Notes
Turn   | Place    | Note
-------+----------+-------------------------------------------
     0 | D        | George the Minotaur Berserker began the quest for the Orb.
     0 | D        | Reached XP level 1. HP: 19/19 MP: 0/0
    12 | D        | Reached ** piety under Trog
   124 | D        | Noticed a hound
   124 | D        | Noticed a centaur
   124 | D        | Noticed a worker ant
   129 | D        | Killed a hound
   129 | D        | Reached skill level 5 in Fighting
   129 | D        | Reached skill level 5 in Polearms
   129 | D        | Reached XP level 2. HP: 29/29 MP: 1/1
   129 | D        | Reached XP level 3. HP: 36/36 MP: 2/2
   131 | D        | Reached *** piety under Trog
   134 | D        | Killed a centaur
   134 | D        | Reached skill level 5 in Dodging
   134 | D        | Reached XP level 4. HP: 45/45 MP: 3/3
   140 | D        | Reached XP level 5. HP: 52/52 MP: 4/4
   153 | D        | Found a roughly hewn altar of Beogh.
   153 | D        | Found a snail-covered altar of Cheibriados.
   153 | D        | Found a shadowy altar of Dithmenos.
   153 | D        | Found a white marble altar of Elyvilon.
   153 | D        | Found a blossoming altar of Fedhas.
   153 | D        | Found an opulent altar of Gozag.
   154 | D        | Found a hazy altar of Hepliaklqana.
   155 | D        | Found a viscous altar of Jiyva.
   156 | D        | Found an ancient bone altar of Kikubaaqudgha.
   157 | D        | Found a corrupted altar of Lugonu.
   158 | D        | Found a burning altar of Makhleb.
   159 | D        | Found a sparkling altar of Nemelex Xobeh.
   160 | D        | Found an iron altar of Okawaru.
   161 | D        | Found a stormy altar of Qazlal.
   162 | D        | Found a sacrificial altar of Ru.
   163 | D        | Found a deep blue altar of Sif Muna.
   164 | D        | Found a bloodstained altar of Trog.
   165 | D        | Found a hide-covered altar of Uskayaw.
   166 | D        | Found a radiant altar of Vehumet.
   167 | D        | Found a shimmering altar of Xom.
   168 | D        | Found a basalt altar of Yredelemnul.
   169 | D        | Found a glowing silver altar of Zin.
   170 | D        | Found a glowing golden altar of the Shining One.
   217 | D        | Noticed a troll
   217 | D        | Noticed a wraith
   219 | D        | Reached **** piety under Trog
   228 | D        | Killed a troll
   228 | D        | Reached XP level 6. HP: 45/64 MP: 5/5
   236 | D        | Killed a wraith
   236 | D        | Reached skill level 10 in Fighting
   236 | D        | Reached skill level 10 in Polearms
   236 | D        | Reached XP level 7. HP: 54/72 MP: 6/6
   236 | D        | Reached ***** piety under Trog
   320 | D        | Noticed a steam dragon
   324 | D        | Killed a steam dragon
   324 | D        | Reached skill level 10 in Armour
   330 | D        | Received a gift from Trog
   457 | D        | Noticed a spiny frog
   457 | D        | Noticed a spiny frog
   457 | D        | Noticed a yak
   464 | D        | Killed a spiny frog
   464 | D        | Reached skill level 10 in Dodging
   464 | D        | Reached XP level 8. HP: 79/82 MP: 7/7
   473 | D        | Noticed a komodo dragon
   474 | D        | Killed a spiny frog
   480 | D        | Reached XP level 9. HP: 81/91 MP: 8/8
   489 | D        | Killed a komodo dragon
   489 | D        | Reached ****** piety under Trog
   603 | D        | Noticed an elephant
   603 | D        | Noticed a black mamba
   611 | D        | Killed an elephant
   616 | D        | Noticed a black mamba
   622 | D        | Killed a black mamba
   623 | D        | Received a gift from Trog
   626 | D        | Killed a black mamba
   629 | D        | Reached XP level 10. HP: 60/103 MP: 9/9
   858 | D        | Noticed a catoblepas
   858 | D        | Noticed a catoblepas
   858 | D        | Noticed a death yak
   858 | D        | Noticed a death yak
   858 | D        | Noticed a death yak
   875 | D        | Killed a catoblepas
   880 | D        | Killed a catoblepas
   883 | D        | Killed a death yak
   885 | D        | Killed a death yak
   885 | D        | Reached skill level 15 in Fighting
   887 | D        | Killed a death yak
   887 | D        | Received a gift from Trog
   887 | D        | Reached skill level 15 in Polearms
   890 | D        | Reached skill level 15 in Armour
  1132 | D        | Noticed Harold
  1146 | D        | Killed Harold
  1386 | D        | Noticed an orc knight
  1400 | D        | Killed an orc knight
  1406 | D        | Noticed a stone giant
  1416 | D        | Killed a stone giant
  1416 | D        | Reached XP level 11. HP: 57/114 MP: 10/10
  1418 | D        | Received a gift from Trog
  1700 | D        | Noticed an orc knight
  1703 | D        | Noticed an orc knight
  1712 | D        | Killed an orc knight
  1719 | D        | Killed an orc knight
  1726 | D        | Received a gift from Trog
  1742 | D        | Got a slimy halberd {god gift}
  1775 | D        | Identified the +8 halberd of Righteous Fury {flame, rF+ MR+ Int+2 Stlth+} (Trog gifted it to you in the Dungeon)
  1932 | D        | Found Sim Vuic's Armour Emporium.
  1932 | D        | Noticed an orc sorcerer
  1932 | D        | Noticed an orc sorcerer
  1932 | D        | Noticed an orc sorcerer
  1934 | D        | Noticed a sun demon
  1936 | D        | Killed an orc sorcerer
  1936 | D        | Received a gift from Trog
  1936 | D        | Reached skill level 15 in Dodging
  1937 | D        | Noticed a sixfirhy
  1943 | D        | Killed an orc sorcerer
  1948 | D        | Killed an orc sorcerer
  1950 | D        | Received a gift from Trog
  1952 | D        | Found Geatil's Antique Weapon Shoppe.
  1962 | D        | Found Zang's Book Emporium.
  1966 | D        | Found Ifoa's Book Shoppe.
  1971 | D        | Received a gift from Trog
  1973 | D        | Noticed an orc sorcerer
  1974 | D        | Noticed an orc sorcerer
  1981 | D        | Killed an orc sorcerer
  1995 | D        | Killed an orc sorcerer
  2159 | D        | Noticed Maurice
  2164 | D        | Killed Maurice
  2164 | D        | Received a gift from Trog
  2288 | D        | Noticed a hill giant
  2291 | D        | Killed a hill giant
  2307 | D        | Received a gift from Trog
  2311 | D        | Noticed a cyan ugly thing
  2312 | D        | Noticed a rakshasa
  2313 | D        | Noticed a rakshasa
  2316 | D        | Noticed an ettin
  2316 | D        | Killed a cyan ugly thing
  2321 | D        | Noticed a brown very ugly thing
  2323 | D        | Noticed a white ugly thing
  2325 | D        | Killed a rakshasa
  2326 | D        | Noticed a brown very ugly thing
  2338 | D        | Noticed a rakshasa
  2338 | D        | Killed a rakshasa
  2342 | D        | Killed a brown very ugly thing
  2342 | D        | Reached XP level 12. HP: 65/127 MP: 11/11
  2345 | D        | Killed an ettin
  2345 | D        | Received a gift from Trog
  2354 | D        | Killed a rakshasa
  2366 | D        | Got a scorched halberd {god gift}
  2385 | D        | Identified the +2 halberd "Juxzy" {chop, +Inv rF- rC++ Stlth+} (Trog gifted it to you in the Dungeon)
  2442 | D        | Noticed Nergalle
  2452 | D        | Killed Nergalle
  2473 | D        | Noticed Agnes
  2490 | D        | Killed Agnes
  2793 | D        | Noticed a merfolk avatar
  2794 | D        | Noticed a merfolk aquamancer
  2794 | D        | Received a gift from Trog
  2798 | D        | Noticed a merfolk javelineer
  2803 | D        | Killed a merfolk aquamancer
  2818 | D        | Killed a merfolk avatar
  2818 | D        | Received a gift from Trog
  2828 | D        | Killed a merfolk javelineer
  2891 | D        | Noticed an alligator
  2891 | D        | Noticed an alligator
  2900 | D        | Killed an alligator
  2904 | D        | Killed an alligator
  2913 | D        | Received a gift from Trog
  2930 | D        | Got a crude halberd {god gift}
  2931 | D        | Identified the +6 halberd of Lies {chop, rF+} (Trog gifted it to you in the Dungeon)
  3094 | D        | Received a gift from Trog
  3106 | D        | Reached XP level 13. HP: 88/138 MP: 12/12
  3118 | D        | Received a gift from Trog
  3129 | D        | Got a smoking glaive {god gift}
  3133 | D        | Identified the +7 glaive "Xowor" {chop, MR++} (Trog gifted it to you in the Dungeon)
  3454 | D        | Received a gift from Trog
  3463 | D        | Killed a ghost moth
  3531 | D        | Received a gift from Trog
  3533 | D        | Noticed Azrael
  3544 | D        | Killed Azrael
  3621 | D        | Noticed Frances
  3631 | D        | Killed Frances
  3631 | D        | Received a gift from Trog
  3632 | D        | Got an ichor-stained hunting sling {god gift}
  3684 | D        | Noticed a stone giant
  3684 | D        | Noticed a fire giant
  3684 | D        | Noticed a stone giant
  3684 | D        | Noticed an iron dragon
  3689 | D        | Noticed a frost giant
  3693 | D        | Killed a stone giant
  3700 | D        | Killed a fire giant
  3703 | D        | Killed a stone giant
  3707 | D        | Noticed a frost giant
  3712 | D        | Noticed a lich
  3718 | D        | Killed an iron dragon
  3730 | D        | Killed a frost giant
  3732 | D        | Received a gift from Trog
  3737 | D        | Killed a frost giant
  3746 | D        | Killed a lich
  3746 | D        | Received a gift from Trog
  4078 | D        | Noticed a vampire knight
  4084 | D        | Reached XP level 14. HP: 134/152 MP: 13/13
  4094 | D        | Killed a vampire knight
  4094 | D        | Received a gift from Trog
  4097 | D        | Received a gift from Trog
  4251 | D        | Received a gift from Trog
  4281 | D        | Noticed an ironheart preserver
  4286 | D        | Noticed a vault warden
  4288 | D        | Received a gift from Trog
  4295 | D        | Noticed a lich
  4304 | D        | Killed an ironheart preserver
  4305 | D        | Noticed a cacodemon
  4305 | D        | Killed a vault warden
  4308 | D        | Noticed an entropy weaver
  4309 | D        | Blown up by a cacodemon

Vault maps used:
D:        linesprint

Skill      XL: |  1  2  3  4  5  6  7  8  9 10 11 12 13 14 |
---------------+-------------------------------------------+-----
Fighting       | 5 6 7 9 10 11 12 14 15 17 19 21 22 | 22.5
Polearms       | 5 6 7 9 10 11 12 14 15 17 19 21 22 | 22.5
Armour         | 4 6 8 9 11 12 13 15 17 19 21 22 | 22.4
Dodging        | 4 5 8 10 11 12 14 16 18 20 | 20.8

Action                   |  1- 3 |  4- 6 |  7- 9 | 10-12 | 13-15 || total
-------------------------+-------+-------+-------+-------+-------++-------
Melee: Spear             |    23 |     8 |       |       |       ||    31
       Headbutt          |     1 |    10 |    19 |    47 |    36 ||   113
       Halberd           |       |    17 |    74 |   201 |    18 ||   310
       Glaive            |       |       |       |    75 |   165 ||   240
Invok: Trog's Hand       |     1 |     1 |     2 |     7 |     4 ||    15
       Berserk           |     1 |       |     1 |       |       ||     2
       Brothers in Arms  |       |       |       |     5 |     5 ||    10
  Use: Scroll            |       |       |       |       |     1 ||     1
 Stab: Petrifying        |       |       |       |     1 |       ||     1
       Petrified         |       |       |       |     1 |       ||     1
       Distracted        |       |       |       |     1 |       ||     1
  Eat: Chunk             |       |       |     1 |    14 |     3 ||    18
       Fruit             |       |       |       |       |     3 ||     3
Armor: Animal skin       |     1 |       |       |       |       ||     1
       Chain mail        |       |    18 |    12 |    11 |       ||    41
       Plate armour      |       |       |       |    35 |    36 ||    71
Dodge: Dodged            |     3 |    10 |    37 |    64 |    72 ||   186
